 Dungeon Crawl Stone Soup version 0.27.0-1-g7a089689b8 (webtiles) character file.

Game seed: 15197978187293851178

3148 dolemite99 the Cleaver (level 9, -4/74 HPs)
             Began as a Deep Dwarf Fighter on Aug 3, 2021.
             Was a Follower of Makhleb.
             Slain by a two-headed ogre (10 damage)
             ... on level 8 of the Dungeon.
             The game lasted 00:17:30 (9240 turns).

dolemite99 the Cleaver (Deep Dwarf Fighter)         Turns: 9240, Time: 00:17:30

Health: -4/74      AC: 10    Str: 23    XL:     9   Next: 62%
Magic:  5/5        EV:  9    Int:  9    God:    Makhleb [*.....]
Gold:   42         SH:  5    Dex: 16    Spells: 8/8 levels left

rFire    . . .     SeeInvis +   a - +7 fustibalus of Light {speed, Dex+2}
rCold    . . .     Faith    .   h - +0 buckler
rNeg     . . .     Spirit   .   i - +0 scale mail
rPois    .         Reflect  .   (no helmet)
rElec    .         Harm     .   (no cloak)
rCorr    .         Rampage  .   J - +0 pair of gloves of Egeur {Dex+2}
Will     +....                  n - +1 pair of boots
Stlth    ..........             G - amulet of the acrobat
HPRegen  0.00/turn              A - ring of see invisible
MPRegen  0.09/turn              (no ring)

@: no status effects
A: damage resistance, heal wounds, sense surroundings 2, no regeneration
a: Heal Wounds, Renounce Religion


You were on level 8 of the Dungeon.
You worshipped Makhleb.
Makhleb was aware of your devotion.
You visited 2 branches of the dungeon, and saw 9 of its levels.

You collected 338 gold pieces.
You spent 296 gold pieces at shops.

Inventory:

Hand Weapons
 a - the +7 fustibalus of Light (weapon) {speed, Dex+2}
   (You acquired it on level 8 of the Dungeon)

   Attacks with this weapon are significantly faster.
   Dex:       It affects your dexterity (+2).
 b - a +1 hunting sling of freezing
 w - a +0 hunting sling of freezing
 x - a +8 war axe of draining
 y - a +2 whip of freezing
 E - a +0 war axe of freezing
 K - a +3 morningstar
Missiles
 e - 288 stones
 m - 110 arrows
 o - 33 sling bullets (quivered ammo)
 q - a throwing net
 r - 13 poisoned darts
Armour
 c - a +0 kite shield
 h - a +0 buckler (worn)
 i - a +0 scale mail (worn)
 n - a +1 pair of boots (worn)
 J - the +0 pair of gloves of Egeur (worn) {Dex+2}
   (You found it on level 8 of the Dungeon)

   Dex:       It affects your dexterity (+2).
Jewellery
 v - an amulet of magic regeneration
 A - a ring of see invisible (left hand)
 G - an amulet of the acrobat (around neck)
Wands
 t - a wand of flame (13)
Scrolls
 k - 3 scrolls of enchant armour
 B - 3 scrolls of teleportation
 C - a scroll of silence
 H - a scroll of vulnerability
 I - a scroll of magic mapping
 L - a scroll of identify {@r1}
Potions
 d - 2 potions of might
 f - 2 potions of attraction
 g - 2 potions of curing
 j - a potion of haste
 l - 2 potions of ambrosia
 p - 3 potions of mutation
 u - 2 potions of lignification {unknown}
 z - a potion of heal wounds
 D - a potion of cancellation {unknown}
 F - 2 potions of brilliance {unknown}
Miscellaneous
 s - a phantom mirror (inert)


   Skills:
 + Level 2.9 Fighting
 - Level 10.6 Axes
 * Level 4.7 Slings
 + Level 3.6 Armour
 - Level 3.2 Shields
 - Level 10.5 Evocations


You had 8 spell levels left.
You didn't know any spells.
Your spell library contained the following spells:

 Spells                   Type           Power      Damage    Failure   Level
 Corona                   Hex            0%         N/A       73%         1
 Ensorcelled Hibernation  Hex/Ice        0%         N/A       86%         2
 Sublimation of Blood     Necr           0%         N/A       86%         2
 Wereblood                Tmut           0%         N/A       86%         2
 Tukima's Dance           Hex            0%         N/A       97%         3
 Summon Forest            Summ/Tloc      0%         N/A       100%        5
 Summon Mana Viper        Hex/Summ       0%         N/A       100%        5
 Shadow Creatures         Summ           N/A        N/A       100%        6
 Summon Hydra             Summ           0%         N/A       100%        7


Dungeon Overview and Level Annotations

Branches:
Dungeon (8/15)             Temple (1/1) D:5
   Lair: D:8-11

Altars:
Cheibriados
Dithmenos
Fedhas
Makhleb
Nemelex Xobeh
Okawaru
Qazlal
Ru
Sif Muna
Trog
Uskayaw
Vehumet
Wu Jian
Yredelemnul
Zin
The Shining One

Shops:
D:1 *([(


Innate Abilities, Weirdness & Mutations

You are resistant to damage.
You can heal yourself by infusing magical energy.
You passively map the area around you.
You do not regenerate.


Message History

You feel much better. The two-headed ogre closely misses you.
The two-headed ogre hits you with a +0 giant club!!
* * * LOW HITPOINT WARNING * * *
You feel much better.
Fire: 37 sling bullets
Press: ? - help, Q - select action, (/) - cycle Shift-Dir - straight line, f/p - two-headed ogre
Aim: a two-headed ogre, wielding a +0 giant spiked club and a +0 giant club (severely wounded, 79% to hit)
You shoot a sling bullet.
The sling bullet hits the two-headed ogre.
The two-headed ogre is almost dead.
The two-headed ogre hits you with a +0 giant spiked club!!
You block the two-headed ogre's attack.
Fire: 36 sling bullets
Press: ? - help, Q - select action, (/) - cycle Shift-Dir - straight line, f/p - two-headed ogre
Aim: a two-headed ogre, wielding a +0 giant spiked club and a +0 giant club (almost dead, 79% to hit)
You shoot a sling bullet.
The sling bullet hits the two-headed ogre but does no damage.
The two-headed ogre is almost dead.
The two-headed ogre hits you with a +0 giant spiked club!!
* * * LOW HITPOINT WARNING * * *
The two-headed ogre hits you with a +0 giant club.
* * * LOW HITPOINT WARNING * * *
Your magical essence is drained by the effort!
You feel much better.
Fire: 35 sling bullets
Press: ? - help, Q - select action, (/) - cycle Shift-Dir - straight line, f/p - two-headed ogre
Aim: a two-headed ogre, wielding a +0 giant spiked club and a +0 giant club (severely wounded, 79% to hit)
You shoot a sling bullet.
The sling bullet barely misses the two-headed ogre.
The two-headed ogre barely misses you.
The two-headed ogre hits you with a +0 giant club!!
* * * LOW HITPOINT WARNING * * *
Fire: 34 sling bullets
Press: ? - help, Q - select action, (/) - cycle Shift-Dir - straight line, f/p - two-headed ogre
Aim: a two-headed ogre, wielding a +0 giant spiked club and a +0 giant club (severely wounded, 79% to hit)
You shoot a sling bullet.
The sling bullet hits the two-headed ogre.
The two-headed ogre is almost dead.
The two-headed ogre hits you with a +0 giant spiked club!
You die...

, , * ###.###.......## ## *,
, * #.#..#.........### #. *,
,#(##.............###) ,* *
#. #..#####.......... , *
#.###...###.......... ,*
**.#.#.#(#.#...#............
* .......((##...............
*,#########O#...............
* * #@#..#........##.. ** *
, * #.##.####...####.. , * ,
, *###.#..##...## #.. , , ,,
##...##.##..## ##.. ***,**
#...###.....# ##... ,
#.##..##....# ##...# , * ,
###....##....###..... , , ,
, ,*#....##.##..###...... ,
,*#...##....#...........


You could see a two-headed ogre.

Vanquished Creatures
  Pikel (D:4)
  A hornet (D:7)
  2 wyverns
  A water moccasin (D:7)
  3 sky beasts
  A necrophage (D:7)
  2 ogres (D:5)
  A kobold brigand (D:8)
  A scorpion (D:6)
  2 bullfrogs
  A gnoll sergeant (D:8)
  3 water moccasin skeletons
  4 wights (D:8)
  5 howler monkeys
  2 bullfrog zombies
  A bullfrog skeleton (D:4)
  4 hounds
  3 centaur skeletons
  3 iguanas
  2 orc wizards
  A killer bee zombie (D:6)
  A hound skeleton (D:4)
  8 gnolls
  5 adders
  A shadow imp (D:6)
  2 white imps
  An ufetubus (D:5)
  3 dart slugs
  13 orcs
  4 bats
  7 endoplasms
  4 giant cockroaches
  5 goblins
  12 hobgoblins
  14 jackals
  3 quokkas
  3 ball pythons
  4 frilled lizards
  10 kobolds
  4 rats
148 creatures vanquished.

Vanquished Creatures (collateral kills)
  A water moccasin (D:7)
  2 gnolls (D:8)
  A kobold (D:8)
4 creatures vanquished.

Grand Total: 152 creatures vanquished

Notes
Turn   | Place    | Note
-------+----------+-------------------------------------------
     0 | D:1      | dolemite99 the Deep Dwarf Fighter began the quest for the
                  | Orb.
     0 | D:1      | Reached XP level 1. HP: 20/20 MP: 1/1
   166 | D:1      | Found Zinem's Antique Weapon Shoppe.
   302 | D:1      | Found Hesug's Antique Armour Boutique.
   315 | D:1      | Reached XP level 2. HP: 10/27 MP: 2/2
   439 | D:1      | Found Zaodwul's Weapon Emporium.
   477 | D:1      | Found Unipp's General Store.
   926 | D:1      | Found a faded altar of an unknown god.
  1013 | D:2      | Reached XP level 3. HP: 25/33 MP: 3/3
  1092 | D:2      | Reached skill level 1 in Slings
  1915 | D:3      | Reached XP level 4. HP: 18/40 MP: 4/4
  2365 | D:3      | Reached XP level 5. HP: 44/46 MP: 5/5
  2933 | D:4      | Reached skill level 5 in Axes
  2982 | D:4      | Reached XP level 6. HP: 41/55 MP: 6/6
  3227 | D:4      | Reached skill level 1 in Evocations
  3813 | D:5      | Entered Level 5 of the Dungeon
  3821 | D:5      | Noticed a sky beast
  3840 | D:5      | Noticed Pikel
  3874 | D:4      | Killed Pikel
  3875 | D:4      | Reached XP level 7. HP: 31/61 MP: 7/7
  4215 | D:4      | Reached XP level 8. HP: 31/68 MP: 8/8
  4346 | D:5      | Reached skill level 10 in Evocations
  4666 | D:5      | Found a staircase to the Ecumenical Temple.
  4689 | Temple   | Entered the Ecumenical Temple
  4718 | Temple   | Became a worshipper of Makhleb the Destroyer
  4970 | D:1      | Bought a runed war axe for 110 gold pieces
  5391 | D:6      | Found a sacrificial altar of Ru.
  6294 | D:7      | Gained mutation: You passively map the area around you.
                  | [Deep Dwarf growth]
  6294 | D:7      | Reached XP level 9. HP: 17/74 MP: 7/7
  6640 | D:1      | Bought a scroll of teleportation for 30 gold pieces
  6640 | D:1      | Bought a potion of invisibility for 80 gold pieces
  6712 | D:1      | Bought a runed hunting sling for 76 gold pieces
  7648 | D:7      | Reached skill level 10 in Axes
  8332 | D:8      | Reached * piety under Makhleb
  8435 | D:8      | Identified a scroll of acquirement
  8435 | D:8      | Acquired the +7 fustibalus of Light {speed, Dex+2}
  8616 | D:8      | Identified the +0 pair of gloves of Egeur {Dex+2}
  9225 | D:8      | Noticed a two-headed ogre
  9237 | D:8      | HP: 3/74 [two-headed ogre (2)]
  9240 | D:8      | Slain by a two-headed ogre

Illustrated notes

Levels and vault maps discovered:
D:1:      psy_arrival_spokes, layout_loops_corners, serial_shops,
          nicolae_shop_behind_doors, shop, shop, nicolae_shop_waterfront,
          dreamdust_ecumenical_altar_angels_and_demons, st_stairs_14,
          minmay_door_square
D:2:      layout_rooms
D:3:      layout_basic
D:4:      minmay_recursive_quarters, layout_loops_ring
D:5:      layout_basic, minmay_temple_entry_gardened_gates, uniq_pikel
D:6:      layout_gridville, nicolae_ru_the_path_less_chosen
D:7:      layout_loops_ring
D:8:      minmay_the_grid_triangle_9x9_rhombus_full
          [minmay_the_grid_triangle_9x9_from_above,
          minmay_the_grid_triangle_9x9_swiss_cheese,
          minmay_the_grid_triangle_9x9_odd_lines,
          minmay_the_grid_triangle_9x9_alien,
          minmay_the_grid_triangle_9x9_empty,
          minmay_the_grid_triangle_9x9_tough_junction,
          minmay_the_grid_triangle_9x9_windchime,
          minmay_the_grid_triangle_9x9_prize_insulated], layout_layer_cave,
          dpeg_lair_monsters
Temple:   nicolae_temple_the_god_donut

Skill      XL: |  1  2  3  4  5  6  7  8  9 |
---------------+----------------------------+-----
Axes           | 3 4 5 8 10 | 10.6
Slings         | 1 2 4 |  4.7
Evocations     | 7 8 10 | 10.5
Fighting       | |  2.9
Armour         | |  3.6
Shields        | |  3.2

Action                   |  1- 3 |  4- 6 |  7- 9 || total
-------------------------+-------+-------+-------++-------
Melee: War axe           |    49 |    30 |    69 ||   148
 Fire: Hunting sling     |    83 |   201 |   178 ||   462
       Fustibalus        |       |       |    26 ||    26
 Abil: Heal Wounds       |     1 |     3 |     8 ||    12
Evoke: Wand              |       |     5 |    11 ||    16
       Phantom mirror    |       |     1 |     1 ||     2
  Use: Scroll            |    10 |     1 |    14 ||    25
       Potion            |       |     4 |     1 ||     5
Armor: Scale mail        |    45 |    69 |    91 ||   205
Dodge: Dodged            |    43 |    82 |    81 ||   206
Block: Kite shield       |    19 |       |       ||    19
       Buckler           |       |       |     2 ||     2
